PIO (24 & UNDER)
SEATTLE RAINIERS @ SALEM SLEDGEHAMMERS
09/13/2023
 
TOP OF THE 1ST
Seattle Rainiers batting - Pitching for Salem Sledgehammers : LHP Carlos Castillo
Pitching: LHP Carlos Castillo
Batting: RHB Elpidio Martinho 0-0: Called Strike
0-1: Called Strike
0-2: Strikes out swinging
Batting: SHB Nick Cox 0-0: Called Strike
0-1: Ball
1-1: Swinging Strike
1-2: Ball
2-2: Strikes out swinging
Batting: SHB Glenn Vadnais 0-0: Ball
1-0: Called Strike
1-1: Swinging Strike
1-2: Ball
2-2: Ball
3-2: Foul Ball, location: 2F
3-2: Foul Ball, location: 2F
3-2: Ground out 5-3 (Groundball, 56)
Top of the 1st over - 0 run(s), 0 hit(s), 0 error(s), 0 left on base; Seattle 0 - Salem 0
BOTTOM OF THE 1ST
Salem Sledgehammers batting - Pitching for Seattle Rainiers : LHP Nelson Béltre
Pitching: LHP Nelson Béltre
Batting: RHB William Richardson 0-0: Foul Ball, location: 2F
0-1: Foul Ball, location: 2F
0-2: Strikes out looking
Batting: LHB Brent Alonzo 0-0: Ball
1-0: Ball
2-0: Ball
3-0: Base on Balls
Batting: RHB Benjamin Lawson 0-0: Ball
1-0: Ball
2-0: Ball
3-0: Foul Ball, location: 2F
3-1: Base on Balls
Brent Alonzo to second
Batting: RHB B.J. Allen 0-0: Called Strike
0-1: Ball
1-1: SINGLE (Groundball, 4MD)
Brent Alonzo to third
Benjamin Lawson to second
Runner from 3rd tries for Home, SAFE, throw made home
Batting: RHB Brandon Pope 0-0: Called Strike
0-1: Ball
1-1: Ball
2-1: Ball
3-1: SINGLE (Line Drive, 8RS)
Benjamin Lawson to third
B.J. Allen to second
Runner from 3rd tries for Home, SAFE, no throw or cutoff
Batting: SHB Pepe Piña 0-0: Called Strike
0-1: Ball
1-1: Foul Ball, location: 2F
1-2: Fly out, F8 (Flyball, 8RXD)
Runner from 2nd tags up, SAFE at 3rd, no throw
Batting: RHB Dale Reeves 0-0: Called Strike
0-1: Foul Ball, location: 2F
0-2: Ball
1-2: Strikes out swinging
Bottom of the 1st over - 2 run(s), 2 hit(s), 0 error(s), 2 left on base; Seattle 0 - Salem 2
TOP OF THE 2ND
Seattle Rainiers batting - Pitching for Salem Sledgehammers : LHP Carlos Castillo
Batting: RHB Chris Parker 0-0: Called Strike
0-1: Foul Ball, location: 2F
0-2: Ball
1-2: Strikes out looking
Batting: LHB Norbert Mosley 0-0: Ball
1-0: Swinging Strike
1-1: Called Strike
1-2: Strikes out swinging
Batting: RHB Edward Melton 0-0: Foul Ball, location: 2F
0-1: Ball
1-1: Swinging Strike
1-2: Strikes out swinging
Top of the 2nd over - 0 run(s), 0 hit(s), 0 error(s), 0 left on base; Seattle 0 - Salem 2
BOTTOM OF THE 2ND
Salem Sledgehammers batting - Pitching for Seattle Rainiers : LHP Nelson Béltre
Batting: LHB Nathan Frey 0-0: Ball
1-0: Ball
2-0: Called Strike
2-1: Ball
3-1: Base on Balls
Batting: LHB José Rivera 0-0: SINGLE (Line Drive, 89S)
Nathan Frey to second
Batting: RHB William Richardson 0-0: Called Strike
0-1: Ball
1-1: Ball
2-1: Foul Ball, location: 2F
2-2: Foul Ball, location: 2F
2-2: Fly out, F4 (Popup, 34)
Batting: LHB Brent Alonzo 0-0: Swinging Strike
0-1: Ball
1-1: Ball
2-1: Foul Ball, location: 2F
2-2: Ball
3-2: Strikes out swinging
Batting: RHB Benjamin Lawson 0-0: Called Strike
0-1: Swinging Strike
0-2: Strikes out looking
Bottom of the 2nd over - 0 run(s), 1 hit(s), 0 error(s), 2 left on base; Seattle 0 - Salem 2
TOP OF THE 3RD
Seattle Rainiers batting - Pitching for Salem Sledgehammers : LHP Carlos Castillo
Batting: RHB Jeremy Carr 0-0: Foul Ball, location: 2F
0-1: Called Strike
0-2: Ball
1-2: Strikes out looking
Batting: RHB John Hill 0-0: Called Strike
0-1: Ball
1-1: Ball
2-1: Ball
3-1: Base on Balls
Batting: RHB Brennan Yates 0-0: Called Strike
0-1: Swinging Strike
0-2: Strikes out swinging
Batting: RHB Elpidio Martinho 0-0: Called Strike
0-1: Ground out 5-3 (Groundball, 5S)
Top of the 3rd over - 0 run(s), 0 hit(s), 0 error(s), 1 left on base; Seattle 0 - Salem 2
BOTTOM OF THE 3RD
Salem Sledgehammers batting - Pitching for Seattle Rainiers : LHP Nelson Béltre
Batting: RHB B.J. Allen 0-0: Ball
1-0: Foul Ball, location: 2F
1-1: Ball
2-1: Ball
3-1: Called Strike
3-2: Base on Balls
Batting: RHB Brandon Pope 0-0: Called Strike
0-1: Ball
1-1: Foul Ball, location: 2F
1-2: Ball
2-2: Ball
3-2: Strikes out looking
Batting: SHB Pepe Piña 0-0: Ball
1-0: Swinging Strike
1-1: Called Strike
1-2: Ball
2-2: Ball
3-2: Strikes out swinging
Batting: RHB Dale Reeves 0-0: Ball
1-0: Ball
2-0: Called Strike
2-1: Swinging Strike
2-2: Foul Ball, location: 2F
2-2: Foul Ball, location: 2F
2-2: Strikes out swinging
Bottom of the 3rd over - 0 run(s), 0 hit(s), 0 error(s), 1 left on base; Seattle 0 - Salem 2
TOP OF THE 4TH
Seattle Rainiers batting - Pitching for Salem Sledgehammers : LHP Carlos Castillo
Batting: SHB Nick Cox 0-0: Ground out 6-3 (Groundball, 6M)
Batting: SHB Glenn Vadnais 0-0: Ground out 4-3 (Groundball, 4)
Batting: RHB Chris Parker 0-0: Foul Ball, location: 2F
0-1: Fly out, F6 (Popup, 56D)
Top of the 4th over - 0 run(s), 0 hit(s), 0 error(s), 0 left on base; Seattle 0 - Salem 2
BOTTOM OF THE 4TH
Salem Sledgehammers batting - Pitching for Seattle Rainiers : LHP Nelson Béltre
Batting: LHB Nathan Frey 0-0: Foul Ball, location: 2F
0-1: Ball
1-1: Ball
2-1: Ball
3-1: Called Strike
3-2: Foul Ball, location: 2F
3-2: Foul Ball, location: 2F
3-2: Base on Balls
Batting: LHB José Rivera 0-0: SINGLE (Line Drive, 4D)
Nathan Frey to second
Batting: RHB William Richardson 0-0: Called Strike
0-1: Ground out 4-3 (Groundball, 4MS)
Nathan Frey to third
José Rivera to second
Pitching: RHP Edward Hastings
Batting: LHB Brent Alonzo 0-0: Called Strike
0-1: Foul Ball, location: 2F
0-2: Strikes out swinging
Batting: RHB Benjamin Lawson 0-0: Ball
1-0: Ground out 6-3 (Groundball, 56)
Bottom of the 4th over - 0 run(s), 1 hit(s), 0 error(s), 2 left on base; Seattle 0 - Salem 2
TOP OF THE 5TH
Seattle Rainiers batting - Pitching for Salem Sledgehammers : LHP Carlos Castillo
Batting: LHB Norbert Mosley 0-0: Foul Ball, location: 2F
0-1: Ground out 5-3 (Groundball, 56)
Batting: RHB Edward Melton 0-0: Ball
1-0: Ball
2-0: Swinging Strike
2-1: Foul Ball, location: 2F
2-2: Ball
3-2: Strikes out looking
Batting: RHB Jeremy Carr 0-0: Called Strike
0-1: Swinging Strike
0-2: Reached on error, E5 (Groundball, 56)
Batting: RHB John Hill 0-0: Ball
1-0: Ball
2-0: Foul Ball, location: 2F
2-1: SINGLE (Line Drive, 6M)
Jeremy Carr to second
Batting: RHB Brennan Yates 0-0: Foul Ball, location: 2F
0-1: Fielders Choice at 2nd, 5-4 (Groundball, 56)
Top of the 5th over - 0 run(s), 1 hit(s), 1 error(s), 1 left on base; Seattle 0 - Salem 2
BOTTOM OF THE 5TH
Salem Sledgehammers batting - Pitching for Seattle Rainiers : RHP Edward Hastings
Batting: RHB B.J. Allen 0-0: Ball
1-0: Ball
2-0: Ball
3-0: Base on Balls
Batting: RHB Brandon Pope 0-0: Ball
1-0: Ball
2-0: Ball
3-0: Base on Balls
B.J. Allen to second
Batting: SHB Pepe Piña 0-0: Ball
1-0: Ball
2-0: Ball
3-0: Called Strike
3-1: Base on Balls
B.J. Allen to third
Brandon Pope to second
Batting: RHB Dale Reeves 0-0: Called Strike
0-1: Ball
1-1: Foul Ball, location: 2F
1-2: Strikes out swinging
Batting: LHB Nathan Frey 0-0: Fly out, F6 (Line Drive, 6)
Batting: LHB José Rivera 0-0: Called Strike
0-1: Ball
1-1: Ball
2-1: Ball
3-1: Base on Balls
B.J. Allen scores
Brandon Pope to third
Pepe Piña to second
Batting: RHB William Richardson 0-0: Ball
1-0: Fly out, F9 (Line Drive, 89S)
Bottom of the 5th over - 1 run(s), 0 hit(s), 0 error(s), 3 left on base; Seattle 0 - Salem 3
TOP OF THE 6TH
Seattle Rainiers batting - Pitching for Salem Sledgehammers : LHP Carlos Castillo
Batting: RHB Elpidio Martinho 0-0: Called Strike
0-1: Foul Ball, location: 2F
0-2: Strikes out looking
Batting: SHB Nick Cox 0-0: Ball
1-0: Called Strike
1-1: Swinging Strike
1-2: Ball
2-2: Foul Ball, location: 2F
2-2: Ball
3-2: Foul Ball, location: 2F
3-2: Base on Balls
Batting: SHB Glenn Vadnais 0-0: Ball
1-0: Swinging Strike
1-1: Fielders Choice at 2nd, 5-4 (Groundball, 5)
Batting: RHB Chris Parker 0-0: SINGLE (Line Drive, 4MD)
Glenn Vadnais to second
Batting: LHB Norbert Mosley 0-0: SINGLE (Line Drive, 56D)
Glenn Vadnais to third
Chris Parker to second
Batting: RHB Edward Melton 0-0: Called Strike
0-1: SINGLE (Line Drive, 56D)
Glenn Vadnais scores
Chris Parker to third
Norbert Mosley to second
Runner from 3rd tries for Home, SAFE, no throw or cutoff
Batting: RHB Jeremy Carr 0-0: Ball
1-0: Ball
2-0: Called Strike
2-1: Foul Ball, location: 2F
2-2: SINGLE (Groundball, 4S)
Norbert Mosley to third
Edward Melton to second
Runner from 3rd tries for Home, SAFE, no throw or cutoff
Pitching: RHP Jeff Hansen
Batting: RHB John Hill 0-0: Ball
1-0: Ball
2-0: Ball
3-0: Called Strike
3-1: Called Strike
3-2: Strikes out looking
Top of the 6th over - 3 run(s), 4 hit(s), 0 error(s), 2 left on base; Seattle 3 - Salem 3
BOTTOM OF THE 6TH
Salem Sledgehammers batting - Pitching for Seattle Rainiers : RHP Edward Hastings
Batting: LHB Brent Alonzo 0-0: Ball
1-0: Ball
2-0: Ball
3-0: Base on Balls
Batting: RHB Benjamin Lawson 0-0: Called Strike
0-1: Ball
1-1: Foul Ball, location: 2F
1-2: Ball
2-2: Strikes out looking
Batting: RHB B.J. Allen 0-0: Called Strike
0-1: Swinging Strike
0-2: Ball
1-2: Ball
2-2: Foul Ball, location: 2F
2-2: Ball
3-2: Foul Ball, location: 2F
3-2: Base on Balls
Brent Alonzo to second
Batting: RHB Brandon Pope 0-0: Ball
Brent Alonzo steals 3rd base
B.J. Allen to second
1-0: Ball
2-0: Ball
3-0: Base on Balls
Pitching: RHP César Rodríguez
Batting: SHB Pepe Piña 0-0: Ball
1-0: SINGLE (Line Drive, 6)
Brent Alonzo scores
B.J. Allen to third
Brandon Pope to second
Batting: RHB Dale Reeves 0-0: Fielders Choice at 2nd, 4-6 (Groundball, 4)
B.J. Allen scores
Brandon Pope to third
Batting: LHB Nathan Frey 0-0: Called Strike
0-1: Ball
1-1: Ball
2-1: Ball
3-1: Foul Ball, location: 2F
3-2: Strikes out swinging
Bottom of the 6th over - 2 run(s), 1 hit(s), 0 error(s), 2 left on base; Seattle 3 - Salem 5
TOP OF THE 7TH
Seattle Rainiers batting - Pitching for Salem Sledgehammers : RHP Jeff Hansen
Batting: RHB Brennan Yates 0-0: Swinging Strike
0-1: Swinging Strike
0-2: Strikes out looking
Batting: RHB Elpidio Martinho 0-0: Called Strike
0-1: Ball
1-1: Foul Ball, location: 2F
1-2: Ball
2-2: Strikes out looking
Batting: SHB Nick Cox 0-0: Called Strike
0-1: Swinging Strike
0-2: Ball
1-2: Ball
2-2: Ball
3-2: Base on Balls
Batting: SHB Glenn Vadnais 0-0: Foul Ball, location: 2F
0-1: Ball
1-1: Swinging Strike
1-2: Strikes out swinging
Top of the 7th over - 0 run(s), 0 hit(s), 0 error(s), 1 left on base; Seattle 3 - Salem 5
BOTTOM OF THE 7TH
Salem Sledgehammers batting - Pitching for Seattle Rainiers : RHP César Rodríguez
Batting: LHB José Rivera 0-0: Fly out, F5 (Popup, 25)
Batting: RHB William Richardson 0-0: Called Strike
0-1: Foul Ball, location: 2F
0-2: Ball
1-2: Ball
2-2: Ground out 3-1 (Groundball, 34)
Batting: LHB Brent Alonzo 0-0: Ground out 6-3 (Groundball, 6M)
Bottom of the 7th over - 0 run(s), 0 hit(s), 0 error(s), 0 left on base; Seattle 3 - Salem 5
TOP OF THE 8TH
Seattle Rainiers batting - Pitching for Salem Sledgehammers : RHP Jeff Hansen
Batting: RHB Chris Parker 0-0: Ball
1-0: Ball
2-0: DOUBLE (Groundball, 3L)
Pitching: RHP Vaughan Gillespie
Batting: LHB Norbert Mosley 0-0: Ball
1-0: Foul Ball, location: 2F
1-1: Ball
2-1: Swinging Strike
2-2: Strikes out swinging
Batting: RHB Edward Melton 0-0: Called Strike
0-1: Ball
1-1: Foul Ball, location: 2F
1-2: Foul Ball, location: 2F
1-2: Ball
2-2: Ball
3-2: Strikes out swinging
Batting: RHB Jeremy Carr 0-0: Called Strike
0-1: Foul Ball, location: 2F
0-2: Strikes out looking
Top of the 8th over - 0 run(s), 1 hit(s), 0 error(s), 1 left on base; Seattle 3 - Salem 5
BOTTOM OF THE 8TH
Salem Sledgehammers batting - Pitching for Seattle Rainiers : RHP César Rodríguez
Batting: RHB Benjamin Lawson 0-0: Called Strike
0-1: Ball
1-1: Ball
2-1: Fly out, F8 (Flyball, 8LD)
Pitching: RHP Leo MacIntosh
Batting: RHB B.J. Allen 0-0: SINGLE (Groundball, 56D)
Batting: RHB Brandon Pope 0-0: Called Strike
0-1: Swinging Strike
0-2: Strikes out looking
Batting: SHB Pepe Piña 0-0: Foul Ball, location: 2F
0-1: Swinging Strike
0-2: Ball
1-2: Strikes out swinging
Bottom of the 8th over - 0 run(s), 1 hit(s), 0 error(s), 1 left on base; Seattle 3 - Salem 5
TOP OF THE 9TH
Seattle Rainiers batting - Pitching for Salem Sledgehammers : RHP Vaughan Gillespie
Pitching: RHP Rick Haynes
Batting: RHB John Hill 0-0: Ball
1-0: Swinging Strike
1-1: Ground out 4-3 (Groundball, 4M)
Batting: RHB Brennan Yates 0-0: Called Strike
0-1: Foul Ball, location: 2F
0-2: SINGLE (Line Drive, 56)
Pinch Hitting: LHB Brian Boone 0-0: Ball
1-0: Foul Ball, location: 2F
1-1: Called Strike
1-2: Strikes out looking
Pinch Hitting: LHB Tony Rivera 0-0: Swinging Strike
0-1: Called Strike
0-2: Foul Ball, location: 2F
0-2: Strikes out looking
Top of the 9th over - 0 run(s), 1 hit(s), 0 error(s), 1 left on base; Seattle 3 - Salem 5
This league is powered by Out of the Park Baseball, the baseball management simulation game for PC, Mac and Linux
Wednesday, December 2nd, 2015 - OOTP Baseball 16.8 Build 38